Map: Proxima Station LE

Players

Solar - Winner!

  • Race: Zerg Zerg
  • League: Master
  • Spawn Location: 7:00

Zest

  • Race: Protoss Protoss
  • League: Master
  • Spawn Location: 1:00

VOD

Have the link to the VOD?

Description

Time

  • Played on: July 12, 2017, 9:12 a.m.
  • Length: 25:25
Show
View Real Time Build Order
Export as new Build Order

Solar Zerg - Winner!

Build Orders: Hatch First 

Get SALT Encoding   

  12  0:00  Drone  
  13  0:12  Overlord  
  13  0:17  Drone  
  14  0:31  Drone x2  
  14  0:34  Drone  
  17  0:53  Hatchery  
  17  0:54  Drone  
  17  0:57  Drone  
  18  1:06  Extractor  
  17  1:13  Spawning Pool  
  17  1:17  Drone  
  17  1:20  Drone  
  18  1:28  Drone  
  19  1:38  Drone  
  20  1:50  Overlord  
  20  2:01  Queen  
  20  2:05  Queen  
  20  2:06  Zergling x2  
  20  2:07  Drone  
  26  2:11  Metabolic Boost  
  26  2:13  Drone  
  27  2:17  Drone  
  28  2:33  Hatchery  
  28  2:35  Drone  
  28  2:38  Drone  
  28  2:42  Drone  
  28  2:43  Zergling x2  
  31  2:48  Overlord  
  31  2:51  Drone  
  31  2:55  Drone  
  33  3:00  Drone  
  34  3:06  Drone  
  34  3:10  Zergling x2  
  35  3:14  Queen  
  35  3:15  Drone x3  
  35  3:18  Overlord  
  40  3:22  Spore Crawler  
  40  3:24  Drone  
  40  3:27  Drone x2  
  42  3:29  Drone  
  43  3:35  Overlord  
  43  3:41  Spore Crawler  
  42  3:43  Evolution Chamber  
  42  3:48  Queen  
  43  3:49  Drone x3  
  43  3:51  Drone  
  43  3:53  Drone  
  48  3:56  Drone x2  
  48  3:59  Overlord  
  50  4:08  Overlord  
  52  4:10  Drone x2  
  52  4:15  Drone  
  54  4:17  Drone x2  
  54  4:19  Drone  
  54  4:20  Drone  
  54  4:22  Zerg Melee Weapons Level 1  
  54  4:24  Drone  
  59  4:25  Drone  
  59  4:28  Overlord  
  59  4:29  Drone  
  59  4:30  Extractor  
  60  4:31  Drone  
  60  4:33  Overlord  
  59  4:38  Drone x2  
  59  4:39  Drone  
  59  4:40  Drone x3  
  59  4:42  Extractor  
  64  4:45  Queen  
  64  4:48  Drone  
  64  4:49  Overlord  
  64  4:52  Lair  
  67  4:54  Drone x3  
  67  4:57  Drone x2  
  67  4:59  Drone  
  74  5:00  Drone x2  
  74  5:02  Drone  
  74  5:05  Drone  
  76  5:10  Extractor, Drone x2  
  76  5:11  Drone x2  
  79  5:14  Drone  
  79  5:17  Extractor x2, Baneling Nest  
  79  5:20  Drone  
  78  5:22  Drone  
  78  5:24  Overlord  
  78  5:25  Zergling x6  
  82  5:29  Drone  
  82  5:35  Zergling x4  
  85  5:37  Queen, Hatchery  
  85  5:38  Overlord  
  85  5:41  Drone x3  
  89  5:45  Zergling x8  
  89  5:46  Overlord  
  93  5:53  Infestation Pit  
  93  5:55  Burrow  
  92  5:57  Overseer  
  92  5:58  Pneumatized Carapace  
  92  5:59  Extractor  
  92  6:01  Drone x5  
  96  6:04  Overlord  
  95  6:13  Overlord  
  95  6:15  Queen  
  95  6:18  Drone x2  
  99  6:20  Drone  
  99  6:21  Spore Crawler  
  99  6:28  Zergling x10  
  99  6:29  Pathogen Glands  
  104  6:36  Overlord x2  
  104  6:39  Spore Crawler, Drone  
  104  6:44  Infestor x5  
  114  6:47  Drone x3  
  114  6:49  Spore Crawler, Queen  
  114  6:51  Infestor x5  
  114  6:52  Infestor  
  120  6:54  Overlord  
  120  6:56  Queen x2  
  120  6:59  Drone  
  125  7:03  Overlord x2, Extractor  
  125  7:06  Zerg Melee Weapons Level 2  
  124  7:12  Infestor  
  124  7:15  Zergling x14  
  128  7:18  Centrifical Hooks  
  132  7:23  Overlord x2  
  132  7:25  Infestor  
  134  7:31  Drone x2  
  134  7:32  Queen  
  134  7:36  Hive  
  138  7:39  Drone x3  
  138  7:41  Spore Crawler  
  138  7:42  Infestor  
  142  7:48  Zergling x12  
  142  7:49  Neural Parasite  
  148  7:56  Overlord x2  
  148  7:58  Zergling x2  
  148  7:59  Zergling x6  
  152  8:05  Drone x2  
  152  8:09  Drone  
  152  8:11  Spore Crawler, Zergling x8  
  152  8:12  Zergling x2  
  159  8:16  Zergling x10  
  159  8:18  Zergling x2  
  159  8:19  Zergling x2  
  163  8:21  Hatchery  
  162  8:28  Evolution Chamber  
  162  8:31  Drone x5  
  162  8:33  Zergling x2  
  167  8:35  Baneling  
  167  8:36  Baneling x10  
  167  8:42  Overlord x3  
  167  8:43  Overlord  
  167  8:48  Spore Crawler, Viper, Ultralisk Cavern  
  164  8:51  Baneling x8  
  164  8:52  Spore Crawler, Baneling x2  
  164  8:55  Viper  
  167  9:00  Spore Crawler  
  167  9:01  Viper  
  169  9:03  Adrenal Glands  
  169  9:06  Zerg Ground Armor Level 1  
  169  9:10  Zergling x8  
  166  9:20  Extractor  
  166  9:22  Zerg Melee Weapons Level 3  
  166  9:24  Extractor  
  164  9:25  Drone x2  
  166  9:33  Drone  
  166  9:37  Ultralisk x2  
  166  9:38  Chitinous Plating  
  179  9:52  Ultralisk  
  185  9:53  Drone  
  185  10:00  Spore Crawler x2  
  185  10:01  Zergling x14, Ultralisk  
  193  10:10  Hatchery  
  198  10:14  Zergling x4, Ultralisk  
  199  10:27  Baneling x9  
  199  10:28  Baneling x6  
  198  10:39  Baneling x3  
  197  10:45  Zergling x6  
  192  10:53  Zergling x6, Ultralisk x2  
  200  11:02  Zergling x6  
  199  11:04  Zerg Ground Armor Level 2  
  199  11:08  Baneling  
  199  11:09  Baneling x3, Queen x3  
  199  11:15  Spire  
  199  11:18  Zergling x2  
  166  11:35  Ultralisk  
  166  11:36  Zergling x22, Ultralisk  
  166  11:37  Zergling x8  
  166  11:38  Zergling x28  
  157  11:48  Zergling x14, Ultralisk x2  
  157  11:51  Overseer x2  
  157  11:52  Infestor x3  
  180  11:55  Baneling x3  
  180  11:57  Zergling x8  
  180  11:59  Baneling  
  180  12:00  Baneling x2  
  184  12:03  Zergling x4  
  184  12:06  Queen x2  
  184  12:08  Overseer  
  190  12:09  Overseer  
  190  12:11  Zergling x2  
  190  12:12  Zergling x6  
  195  12:15  Zergling x4  
  195  12:16  Baneling  
  195  12:17  Baneling  
  195  12:18  Baneling x6  
  195  12:19  Baneling x2  
  195  12:20  Baneling  
  195  12:24  Zergling x10  
  177  12:32  Zergling x10  
  177  12:33  Zergling x8  
  177  12:34  Zergling x4  
  177  12:35  Zergling x2  
  155  12:43  Drone x2  
  155  12:44  Drone x3  
  151  12:50  Infestor x3  
  151  12:51  Infestor  
  158  12:54  Zerg Flyer Weapons Level 1  
  158  13:01  Overlord x2  
  158  13:02  Corruptor  
  158  13:03  Corruptor  
  158  13:05  Viper  
  162  13:10  Overseer x2  
  165  13:16  Zergling x16  
  173  13:21  Corruptor x2  
  177  13:31  Corruptor x4  
  185  13:35  Baneling x7  
  185  13:39  Corruptor  
  187  13:48  Overlord  
  187  13:50  Corruptor x4  
  195  13:58  Baneling x4, Zerg Ground Armor Level 3  
  195  13:59  Baneling x7  
  195  14:00  Baneling x4  
  195  14:01  Baneling  
  195  14:04  Spore Crawler  
  195  14:05  Spore Crawler, Drone x2  
  195  14:06  Spore Crawler, Extractor, Drone  
  195  14:07  Extractor  
  195  14:08  Drone x2  
  195  14:09  Spore Crawler  
  195  14:10  Drone  
  195  14:11  Drone  
  195  14:12  Drone  
  197  14:20  Drone x2  
  197  14:22  Drone  
  200  14:29  Spore Crawler  
  199  14:34  Spore Crawler  
  199  14:36  Spore Crawler, Corruptor  
  199  14:37  Spore Crawler  
  196  14:38  Spore Crawler  
  196  14:39  Spore Crawler  
  196  14:40  Spore Crawler, Corruptor x4  
  199  14:49  Zerg Flyer Weapons Level 2  
  199  14:51  Drone x2, Spire  
  200  15:05  Overseer  
  200  15:06  Overseer x2  
  199  15:12  Viper  
  199  15:33  Zergling x6  
  200  15:46  Spore Crawler x2  
  200  15:47  Corruptor  
  200  15:49  Baneling x4  
  200  15:52  Spore Crawler  
  200  15:53  Spore Crawler x2  
  197  15:58  Spine Crawler x2  
  197  15:59  Spine Crawler x2  
  197  16:01  Zergling x18, Spine Crawler  
  197  16:25  Overseer x2  
  197  16:26  Spore Crawler  
  197  16:28  Zerg Flyer Armor Level 1  
  195  16:46  Hatchery  
  193  16:50  Viper x2  
  193  16:51  Viper x2  
  182  16:58  Overlord  
  164  17:05  Corruptor  
  164  17:06  Corruptor x13  
  165  17:22  Corruptor x9  
  159  17:23  Corruptor  
  159  17:27  Zergling x4  
  159  17:28  Zergling x4  
  182  17:41  Baneling x3  
  181  17:46  Corruptor x4  
  187  17:55  Zergling x2  
  187  17:56  Zergling x16  
  188  18:04  Greater Spire  
  188  18:21  Baneling  
  188  18:22  Baneling  
  188  18:39  Hatchery  
  187  18:46  Spore Crawler  
  185  18:50  Extractor, Drone x3  
  185  18:51  Extractor  
  185  18:53  Zerg Flyer Armor Level 2  
  184  18:56  Zergling x8  
  184  18:57  Zergling x8  
  190  19:16  Spore Crawler, Spine Crawler  
  188  19:17  Spore Crawler, Spine Crawler  
  188  19:18  Brood Lord x7  
  197  19:26  Zergling x16  
  196  19:32  Zergling x2  
  196  19:33  Zergling x4  
  199  19:44  Spine Crawler  
  199  19:45  Spine Crawler  
  197  19:46  Baneling x3  
  197  19:47  Drone  
  198  19:56  Overlord x2  
  198  19:57  Overseer x3  
  198  19:59  Drone  
  199  20:18  Baneling  
  199  20:19  Hatchery  
  198  20:26  Overseer  
  198  20:27  Zergling x4, Spine Crawler  
  199  20:31  Baneling x12  
  199  20:32  Baneling x4  
  187  21:04  Zergling x6  
  187  21:05  Zergling x18  
  187  21:10  Zergling x2  
  189  21:12  Zergling x2  
  189  21:13  Zergling x14  
  189  21:14  Zergling x8  
  199  21:31  Zerg Flyer Armor Level 3  
  199  21:32  Zerg Flyer Weapons Level 3  
  199  21:43  Zergling x2  
  199  21:44  Zergling x4  
  199  21:45  Zergling x2  
  199  21:46  Zergling x2  
  199  21:47  Hatchery  
  199  21:50  Zergling x2  
  199  21:52  Zergling x4  
  199  21:56  Zergling x2  
  199  21:59  Zergling x2  
  200  22:05  Baneling x12  
  200  22:08  Drone  
  199  22:21  Zergling x2  
  199  22:22  Zergling x12  
  200  22:24  Hatchery  
  200  22:26  Zergling x2  
  200  22:28  Zergling x2  
  198  22:32  Zergling x6  
  188  22:46  Zergling x28  
  188  22:48  Zergling x4  
  188  22:50  Baneling x4  
  197  23:22  Zergling x4  
  197  23:23  Zergling x10  
  197  23:25  Zergling x2  
  197  23:26  Zergling x2  
  198  23:34  Zergling x2  
  199  23:39  Zergling x2  
  199  23:40  Baneling x12  
  164  24:19  Corruptor  
  164  24:20  Corruptor x13  
  164  24:22  Drone x3  
  188  24:30  Corruptor x3  
  188  24:31  Corruptor  
  171  24:38  Corruptor  
Show
View Real Time Build Order
Export as new Build Order

Zest Protoss 

Build Orders: 1 Gate Expand, Oracle Opening 

Get SALT Encoding   

  12  0:00  Probe (Chrono Boost)  
  13  0:11  Probe (Chrono Boost)  
  14  0:17  Pylon  
  14  0:22  Probe (Chrono Boost)  
  15  0:35  Probe (Chrono Boost)  
  16  0:38  Gateway  
  16  0:46  Probe (Chrono Boost)  
  16  0:47  Assimilator  
  17  0:57  Probe (Chrono Boost)  
  18  1:08  Probe (Chrono Boost)  
  19  1:21  Nexus  
  19  1:25  Probe (Chrono Boost)  
  20  1:34  Cybernetics Core  
  20  1:37  Probe (Chrono Boost)  
  21  1:42  Assimilator  
  21  1:48  Probe (Chrono Boost)  
  21  1:53  Pylon  
  22  1:58  Probe (Chrono Boost)  
  23  2:11  Adept (Chrono Boost), Probe, Warp Gate  
  26  2:23  Probe (Chrono Boost)  
  27  2:31  Stargate  
  27  2:34  Probe (Chrono Boost)  
  27  2:35  Probe (Chrono Boost)  
  27  2:36  Zealot  
  31  2:45  Probe (Chrono Boost)  
  31  2:46  Probe (Chrono Boost)  
  33  2:55  Probe (Chrono Boost)  
  33  2:57  Mothership Core (Chrono Boost)  
  36  3:06  Probe (Chrono Boost)  
  37  3:15  Probe x2 (Chrono Boost)  
  37  3:16  Oracle (Chrono Boost)  
  42  3:24  Nexus  
  42  3:25  Probe  
  43  3:28  Probe  
  43  3:33  Pylon  
  44  3:37  Pylon  
  44  3:38  Probe  
  45  3:46  Probe  
  46  3:49  Probe  
  46  3:52  Void Ray (Chrono Boost)  
  51  3:56  Assimilator  
  51  4:00  Probe x2  
  51  4:01  Assimilator  
  53  4:09  Pylon  
  53  4:11  Probe  
  53  4:13  Probe  
  55  4:18  Zealot  
  55  4:21  Probe  
  55  4:25  Probe  
  55  4:30  Void Ray (Chrono Boost)  
  60  4:32  Probe  
  60  4:34  Probe  
  60  4:37  Probe  
  63  4:42  Probe  
  63  4:45  Probe  
  64  4:49  Probe  
  66  4:53  Probe  
  66  4:54  Stargate  
  66  4:55  Stargate, Probe  
  66  4:57  Assimilator x2  
  68  5:03  Probe  
  68  5:08  Probe x2  
  68  5:11  Void Ray (Chrono Boost)  
  73  5:15  Pylon, Probe  
  73  5:18  Probe  
  73  5:19  Protoss Air Weapons Level 1  
  75  5:23  Probe  
  75  5:28  Probe  
  77  5:30  Probe  
  77  5:31  Pylon  
  77  5:34  Probe  
  79  5:38  Void Ray (Chrono Boost)  
  79  5:40  Probe  
  79  5:41  Void Ray (Chrono Boost)  
  79  5:42  Probe  
  93  5:50  Void Ray (Chrono Boost)  
  93  5:55  Twilight Council  
  93  5:56  Forge  
  93  5:59  Pylon  
  93  6:03  Probe x3  
  96  6:06  Pylon  
  96  6:15  Probe  
  101  6:19  Void Ray x2 (Chrono Boost)  
  105  6:26  Pylon  
  105  6:30  Charge  
  105  6:34  Protoss Ground Weapons Level 1 (Chrono Boost)  
  105  6:37  Templar Archives  
  105  6:42  Gateway  
  105  6:43  Gateway  
  105  6:46  Gateway  
  105  6:49  Gateway  
  105  6:50  Gateway  
  105  6:51  Gateway  
  105  6:53  Sentry  
  107  7:04  Psionic Storm  
  107  7:10  Gateway  
  107  7:13  Pylon x2  
  107  7:16  Photon Cannon  
  107  7:18  Photon Cannon  
  107  7:27  High Templar  
  107  7:29  Robotics Facility  
  109  7:30  Photon Cannon  
  109  7:31  Pylon  
  109  7:33  Pylon  
  109  7:42  High Templar x3  
  115  7:47  Zealot x3  
  115  7:49  Probe x3  
  124  7:51  Photon Cannon  
  124  8:10  Pylon  
  124  8:11  Pylon  
  124  8:17  Observer (Chrono Boost)  
  125  8:20  Zealot x3, High Templar x4  
  125  8:21  Zealot  
  125  8:25  Archon x2  
  141  8:28  Protoss Ground Weapons Level 2  
  141  8:30  Photon Cannon, Blink  
  141  8:32  Photon Cannon  
  141  8:34  Gateway x2  
  141  8:37  Observer (Chrono Boost)  
  142  8:48  Robotics Facility  
  142  8:50  Nexus  
  142  8:56  Photon Cannon  
  142  8:58  Photon Cannon  
  142  8:59  Photon Cannon  
  142  9:00  Photon Cannon  
  142  9:02  Photon Cannon  
  146  9:03  Immortal (Chrono Boost)  
  146  9:06  Robotics Facility  
  144  9:20  Photon Cannon  
  144  9:29  High Templar x2  
  144  9:30  Zealot x3  
  154  9:33  Assimilator  
  154  9:35  Archon  
  154  9:41  Assimilator  
  154  9:45  Fleet Beacon  
  154  10:16  Immortal x3 (Chrono Boost)  
  166  10:22  Nexus  
  166  10:24  Pylon  
  166  10:27  Pylon  
  172  10:39  Graviton Catapult  
  168  10:43  Carrier x2 (Chrono Boost)  
  173  11:04  Protoss Shields Level 1  
  173  11:05  Protoss Air Weapons Level 2  
  173  11:11  Pylon  
  173  11:13  Pylon  
  173  11:14  Pylon  
  173  11:21  Photon Cannon  
  173  11:30  Carrier (Chrono Boost)  
  173  11:31  Zealot x4  
  173  11:32  Zealot x6  
  167  11:48  Warp Prism  
  167  11:49  Immortal x2  
  177  11:54  High Templar x2  
  177  11:55  High Templar x2  
  177  11:58  Archon  
  177  11:59  Archon, High Templar x2  
  189  12:07  High Templar  
  190  12:17  Pylon  
  190  12:19  High Templar  
  190  12:20  High Templar  
  138  12:44  Photon Cannon  
  150  12:51  Carrier (Chrono Boost)  
  150  12:52  Carrier (Chrono Boost)  
  150  12:53  Carrier (Chrono Boost)  
  156  12:59  Nexus  
  156  13:01  High Templar  
  156  13:02  Sentry  
  160  13:07  Observer  
  161  13:13  Probe  
  161  13:14  Probe x3  
  165  13:20  High Templar  
  165  13:24  High Templar  
  169  13:31  Protoss Air Weapons Level 3 (Chrono Boost), High Templar  
  169  13:32  Zealot x5  
  181  13:37  Observer x3  
  184  13:49  Assimilator  
  184  13:52  Assimilator  
  184  13:57  Zealot x4  
  192  14:03  Protoss Shields Level 2 (Chrono Boost)  
  192  14:21  Void Ray  
  192  14:27  Void Ray  
  200  15:00  Gateway  
  200  15:05  Gateway  
  200  15:07  Gateway  
  200  15:09  Gateway  
  199  15:25  Photon Cannon  
  199  15:27  Photon Cannon  
  198  15:29  Photon Cannon, Oracle  
  198  15:32  Photon Cannon  
  198  15:33  Photon Cannon, Oracle  
  198  15:51  Protoss Air Armor Level 1  
  198  16:04  Nexus  
  198  16:05  Pylon  
  198  16:07  Protoss Shields Level 3 (Chrono Boost)  
  198  16:15  Dark Shrine  
  198  16:16  Zealot  
  190  16:36  Tempest  
  185  16:42  Tempest  
  162  17:03  Zealot x3  
  162  17:04  Zealot x6  
  168  17:10  Void Ray  
  168  17:13  Void Ray  
  163  17:24  Void Ray  
  163  17:29  Photon Cannon  
  167  17:30  Photon Cannon  
  167  17:31  Photon Cannon  
  167  17:33  Photon Cannon  
  167  17:34  Assimilator  
  164  17:37  High Templar x2  
  164  17:38  High Templar x2  
  164  17:39  High Templar x4  
  164  17:41  Probe  
  164  17:42  Probe x3  
  181  17:46  Archon x3  
  181  17:51  Void Ray  
  181  17:58  Void Ray  
  181  18:01  Photon Cannon  
  181  18:03  Photon Cannon, Probe x3  
  188  18:09  Dark Templar x4  
  190  18:27  High Templar x2  
  190  18:28  High Templar  
  196  18:44  Photon Cannon  
  196  18:46  Photon Cannon x2  
  196  18:50  Zealot  
  198  18:55  Oracle  
  198  18:59  Zealot x3  
  198  19:00  Zealot x3  
  199  19:14  Protoss Air Armor Level 2  
  199  19:34  Protoss Ground Weapons Level 3 (Chrono Boost)  
  197  19:46  Oracle  
  190  20:11  Dark Templar, Observer x2  
  190  20:17  Pylon, Photon Cannon  
  190  20:21  Photon Cannon  
  190  20:22  Photon Cannon  
  190  20:24  Photon Cannon x2  
  190  20:25  Photon Cannon  
  190  20:28  Assimilator  
  190  20:29  Assimilator  
  190  20:31  Photon Cannon  
  190  20:32  Zealot x2  
  190  20:33  Zealot x3, Photon Cannon  
  190  20:34  Photon Cannon  
  200  20:38  Pylon  
  182  20:57  Dark Templar x4  
  182  20:58  Zealot x5  
  181  21:18  Tempest  
  185  21:21  Zealot x5  
  185  21:22  Zealot x2  
  199  21:29  Photon Cannon  
  199  21:30  Photon Cannon  
  199  21:31  Photon Cannon  
  191  21:49  Zealot x8  
  199  21:58  Protoss Ground Armor Level 1 (Chrono Boost)  
  199  22:22  Dark Templar  
  185  22:36  Photon Cannon  
  177  22:41  Pylon  
  159  22:45  Zealot  
  159  22:50  Zealot x3  
  159  22:51  Zealot x9  
  179  22:54  Tempest  
  185  23:00  Tempest  
  173  23:28  Carrier  
  177  23:45  Zealot x11  
  196  24:00  Void Ray  
  190  24:16  Archon  
  188  24:23  Void Ray  
  142  24:37  Zealot x7  
  142  24:38  Zealot x2  
Tags
 
Add a new tag
Caveats
  • Supply blocks, unpowered buildings, or Contaminate may cause inaccurate times.
  • Supply counts are checked every 10 seconds.